[ AOE2 MATCH · #482331588 ]
UnrankedVietnamese vs Magyars
[ REPLAY ANALYSIS · EXTRACTED FROM THE RECORDED GAME ]
Feudal
9:49
Castle
21:46
Imperial
35:40
| APM avg | 88.8 |
| APM peak | 128 |
| eAPM avg | 32.0 |
| Villagers / military | 167 / 146 |
Focus
⚔️ 34.1% · 🌾 65.9%
Archer ×103 · Skirmisher ×26 · Fishing Ship ×8 · Spearman ×5 · Trade Cart ×5 · Trebuchet (Packed) ×5
Feudal
8:46
Castle
21:57
Imperial
41:10
| APM avg | 55.8 |
| APM peak | 84 |
| eAPM avg | 30.3 |
| Villagers / military | 144 / 300 |
Focus
⚔️ 38.4% · 🌾 61.6%
Scout Cavalry ×142 · Knight ×107 · Spearman ×48 · Fishing Ship ×7 · Monk ×3
Feudal
12:01
Castle
15:57
Imperial
36:11
| APM avg | 29.2 |
| APM peak | 59 |
| eAPM avg | 20.0 |
| Villagers / military | 174 / 238 |
Focus
⚔️ 38.6% · 🌾 61.4%
Knight ×232 · Fishing Ship ×8 · Monk ×2 · Spearman ×2 · Trebuchet (Packed) ×2
Feudal
9:59
Castle
20:46
Imperial
44:12
| APM avg | 38.7 |
| APM peak | 69 |
| eAPM avg | 18.0 |
| Villagers / military | 171 / 101 |
Focus
⚔️ 26.6% · 🌾 73.4%
Mangudai ×61 · Scout Cavalry ×21 · Fishing Ship ×18 · Camel Scout ×7 · Mangonel ×4 · Monk ×3
Feudal
9:56
Castle
26:23
Imperial
—
| APM avg | 32.6 |
| APM peak | 61 |
| eAPM avg | 17.6 |
| Villagers / military | 207 / 139 |
Focus
⚔️ 36.5% · 🌾 63.5%
Archer ×138 · Mangonel ×1
Feudal
13:33
Castle
18:22
Imperial
45:24
| APM avg | 46.6 |
| APM peak | 79 |
| eAPM avg | 20.7 |
| Villagers / military | 139 / 357 |
Focus
⚔️ 44.9% · 🌾 55.1%
Archer ×119 · Militia ×71 · Spearman ×64 · Skirmisher ×48 · Berserk ×43 · Scorpion ×5
Feudal
8:51
Castle
23:07
Imperial
36:15
| APM avg | 60.2 |
| APM peak | 116 |
| eAPM avg | 24.5 |
| Villagers / military | 208 / 67 |
Focus
⚔️ 28.8% · 🌾 71.2%
Skirmisher ×26 · Rattan Archer ×19 · Archer ×8 · Mangonel ×5 · Fishing Ship ×5 · Battering Ram ×3
Feudal
9:51
Castle
23:32
Imperial
39:17
| APM avg | 39.7 |
| APM peak | 67 |
| eAPM avg | 17.5 |
| Villagers / military | 155 / 267 |
Focus
⚔️ 38.7% · 🌾 61.3%
Camel Scout ×190 · Ghulam ×48 · Scout Cavalry ×18 · Trebuchet (Packed) ×6 · Monk ×3 · Fishing Ship ×3
Match map
Initial resources + every placement click. Lines = walls · curves = elevation contours. ◆ gold · ⬟ stone · ● berries · ✦ relic · ◌ wall gap
Your base· Open — 1t gap
masa4_japan(配信)'s base· Open — unwalled flank
痛苦小苏's base· Open — unwalled flank
hata's base· Open — unwalled flank
Respected Mr.Lang's base· Open — 6t gap
yayoi_tukishiro's base· Open — unwalled flank
sci621's base· ✓ Closed at 23:07 · 46t walls · no gate
Arie's base· Open — unwalled flank
Smoothed initial terrain · ◌ = detected wall gap · hover for details
Inputs per minute
— Rito - - masa4_japan(配信)
Build order — Rito
First 150 of 528 actions detected
| 0:01 | Create | Villager (Male) |
| 0:01 | Create | Villager (Male) |
| 0:02 | Create | Villager (Male) |
| 0:02 | Create | Villager (Male) |
| 0:03 | Build | House |
| 0:04 | Build | House |
| 1:23 | Create | Villager (Male) |
| 2:00 | Create | Villager (Male) |
| 2:00 | Create | Villager (Male) |
| 2:05 | Build | Lumber Camp |
| 2:13 | Create | Villager (Male) |
| 2:45 | Create | Villager (Male) |
| 2:45 | Create | Villager (Male) |
| 3:00 | Create | Villager (Male) |
| 3:00 | Create | Villager (Male) |
| 3:29 | Create | Villager (Male) |
| 3:29 | Create | Villager (Male) |
| 3:44 | Create | Villager (Male) |
| 3:58 | Build | House |
| 4:25 | Create | Villager (Male) |
| 4:25 | Create | Villager (Male) |
| 4:33 | Create | Villager (Male) |
| 4:33 | Create | Villager (Male) |
| 4:58 | Build | Dock |
| 5:04 | Create | Villager (Male) |
| 5:39 | Create | Fishing Ship |
| 5:49 | Create | Villager (Male) |
| 5:52 | Create | Fishing Ship |
| 5:55 | Build | House |
| 6:08 | Create | Villager (Male) |
| 6:20 | Research | Loom |
| 6:28 | Build | House |
| 6:29 | Build | House |
| 6:35 | Create | Villager (Male) |
| 6:35 | Create | Villager (Male) |
| 7:26 | Build | Palisade Wall |
| 7:29 | Build | Palisade Wall |
| 7:39 | Research | Feudal Age |
| 7:44 | Build | Palisade Wall |
| 8:06 | Build | Palisade Wall |
| 8:30 | Build | Mining Camp |
| 8:44 | Build | Palisade Wall |
| 8:53 | Build | Barracks |
| 8:54 | Build | Palisade Wall |
| 9:09 | Create | Villager (Male) |
| 9:47 | Create | Fishing Ship |
| 9:49 | Age | Feudal Age |
| 9:55 | Build | Archery Range |
| 10:00 | Create | Villager (Male) |
| 10:22 | Research | Double-Bit Axe |
| 10:23 | Create | Villager (Male) |
| 10:27 | Build | Archery Range |
| 10:41 | Build | House |
| 10:43 | Create | Villager (Male) |
| 10:43 | Create | Archer |
| 10:57 | Create | Spearman |
| 11:00 | Create | Villager (Male) |
| 11:03 | Build | Palisade Wall |
| 11:20 | Create | Archer |
| 11:23 | Create | Villager (Male) |
| 11:47 | Create | Villager (Male) |
| 11:50 | Build | Blacksmith |
| 11:59 | Create | Archer |
| 12:00 | Create | Archer |
| 12:19 | Build | Mill |
| 12:22 | Create | Archer |
| 12:22 | Create | Archer |
| 12:24 | Create | Villager (Male) |
| 12:35 | Create | Fishing Ship |
| 12:44 | Create | Villager (Male) |
| 12:46 | Build | House |
| 12:55 | Create | Archer |
| 12:58 | Create | Villager (Male) |
| 13:02 | Build | Palisade Gate |
| 13:04 | Build | Palisade Wall |
| 13:13 | Create | Villager (Male) |
| 13:20 | Create | Archer |
| 13:20 | Create | Archer |
| 13:31 | Build | House |
| 13:46 | Research | Fletching |
| 13:46 | Create | Archer |
| 13:47 | Create | Archer |
| 13:50 | Build | Lumber Camp |
| 14:30 | Create | Villager (Male) |
| 14:30 | Create | Villager (Male) |
| 14:31 | Create | Archer |
| 14:31 | Create | Archer |
| 14:34 | Build | House |
| 14:53 | Create | Villager (Male) |
| 14:54 | Create | Archer |
| 14:56 | Build | House |
| 15:17 | Create | Fishing Ship |
| 15:17 | Create | Fishing Ship |
| 15:19 | Create | Archer |
| 15:20 | Create | Villager (Male) |
| 15:28 | Build | House |
| 15:35 | Create | Villager (Male) |
| 15:47 | Build | Farm |
| 15:51 | Create | Archer |
| 16:00 | Build | Farm |
| 16:07 | Create | Archer |
| 16:07 | Create | Archer |
| 16:20 | Create | Villager (Male) |
| 16:23 | Build | Farm |
| 16:27 | Create | Archer |
| 16:27 | Create | Archer |
| 16:38 | Create | Archer |
| 16:45 | Build | House |
| 16:56 | Create | Villager (Male) |
| 16:57 | Create | Archer |
| 16:57 | Create | Archer |
| 17:00 | Build | Farm |
| 17:28 | Create | Archer |
| 17:28 | Create | Archer |
| 17:50 | Create | Villager (Male) |
| 17:51 | Create | Archer |
| 17:51 | Create | Archer |
| 18:03 | Create | Villager (Male) |
| 18:05 | Build | Farm |
| 18:09 | Create | Fishing Ship |
| 18:18 | Build | House |
| 19:06 | Research | Castle Age |
| 19:06 | Research | Castle Age |
| 19:18 | Build | House |
| 19:28 | Create | Fishing Ship |
| 19:33 | Create | Archer |
| 19:34 | Create | Archer |
| 19:36 | Research | Gold Mining |
| 19:40 | Research | Horse Collar |
| 19:40 | Research | Horse Collar |
| 19:55 | Research | Padded Archer Armor |
| 19:56 | Research | Padded Archer Armor |
| 19:58 | Create | Archer |
| 19:58 | Create | Archer |
| 20:32 | Create | Archer |
| 20:42 | Create | Villager (Male) |
| 20:59 | Create | Archer |
| 21:23 | Create | Archer |
| 21:23 | Create | Archer |
| 21:24 | Create | Villager (Male) |
| 21:46 | Age | Castle Age |
| 21:50 | Research | Bodkin Arrow |
| 21:51 | Research | Crossbowman (upgrade) |
| 21:58 | Build | Town Center |
| 22:05 | Create | Archer |
| 22:05 | Create | Archer |
| 22:06 | Create | Villager (Male) |
| 22:20 | Build | House |
| 22:39 | Create | Villager (Male) |
| 22:46 | Build | University |
Build order — masa4_japan(配信)
First 150 of 659 actions detected
| 0:01 | Create | Villager (Male) |
| 0:01 | Create | Villager (Male) |
| 0:01 | Create | Villager (Male) |
| 0:02 | Build | House |
| 0:03 | Build | House |
| 0:06 | Create | Villager (Male) |
| 0:06 | Create | Villager (Male) |
| 1:26 | Create | Villager (Male) |
| 1:28 | Build | Lumber Camp |
| 2:04 | Create | Villager (Male) |
| 2:05 | Create | Villager (Male) |
| 2:20 | Create | Villager (Male) |
| 2:47 | Create | Villager (Male) |
| 3:15 | Build | House |
| 3:21 | Create | Villager (Male) |
| 3:21 | Create | Villager (Male) |
| 3:45 | Create | Villager (Male) |
| 3:46 | Create | Villager (Male) |
| 4:04 | Create | Villager (Male) |
| 4:05 | Create | Villager (Male) |
| 4:09 | Create | Villager (Male) |
| 4:48 | Create | Villager (Male) |
| 4:51 | Build | Mill |
| 5:22 | Create | Villager (Male) |
| 5:50 | Research | Loom |
| 6:36 | Research | Feudal Age |
| 6:36 | Research | Feudal Age |
| 7:29 | Build | House |
| 7:38 | Create | Villager (Male) |
| 7:51 | Build | Barracks |
| 7:57 | Build | House |
| 8:06 | Create | Villager (Male) |
| 8:46 | Age | Feudal Age |
| 8:50 | Build | Stable |
| 9:05 | Build | Dock |
| 9:09 | Create | Villager (Male) |
| 9:25 | Research | Double-Bit Axe |
| 9:49 | Create | Villager (Male) |
| 9:55 | Create | Fishing Ship |
| 10:06 | Create | Scout Cavalry |
| 10:17 | Build | House |
| 10:21 | Create | Villager (Male) |
| 10:31 | Create | Fishing Ship |
| 10:35 | Create | Scout Cavalry |
| 10:36 | Create | Villager (Male) |
| 10:57 | Create | Scout Cavalry |
| 11:02 | Create | Fishing Ship |
| 11:15 | Create | Villager (Male) |
| 11:17 | Build | House |
| 11:35 | Create | Villager (Male) |
| 11:35 | Create | Scout Cavalry |
| 11:44 | Create | Scout Cavalry |
| 11:48 | Create | Villager (Male) |
| 11:52 | Create | Fishing Ship |
| 12:09 | Create | Fishing Ship |
| 12:33 | Create | Scout Cavalry |
| 12:36 | Build | Lumber Camp |
| 12:45 | Build | House |
| 12:52 | Create | Scout Cavalry |
| 12:55 | Build | Farm |
| 12:57 | Create | Villager (Male) |
| 12:57 | Create | Villager (Male) |
| 13:15 | Build | Farm |
| 13:16 | Create | Spearman |
| 13:24 | Build | Farm |
| 13:24 | Create | Villager (Male) |
| 13:33 | Create | Scout Cavalry |
| 13:37 | Build | Farm |
| 13:43 | Create | Scout Cavalry |
| 13:51 | Build | Farm |
| 13:53 | Build | House |
| 13:59 | Create | Villager (Male) |
| 14:03 | Create | Fishing Ship |
| 14:11 | Build | House |
| 14:28 | Create | Villager (Male) |
| 14:30 | Build | Farm |
| 14:46 | Create | Villager (Male) |
| 14:58 | Build | Farm |
| 14:59 | Create | Villager (Male) |
| 15:02 | Create | Scout Cavalry |
| 15:13 | Create | Fishing Ship |
| 15:18 | Create | Scout Cavalry |
| 15:20 | Create | Villager (Male) |
| 15:22 | Build | Blacksmith |
| 15:29 | Build | Farm |
| 15:32 | Create | Spearman |
| 15:55 | Create | Scout Cavalry |
| 16:01 | Create | Villager (Male) |
| 16:03 | Research | Scale Barding Armor |
| 16:07 | Create | Scout Cavalry |
| 16:12 | Build | Mining Camp |
| 16:15 | Create | Villager (Male) |
| 16:24 | Build | Farm |
| 16:24 | Build | Farm |
| 16:30 | Build | House |
| 16:47 | Build | Farm |
| 16:50 | Build | House |
| 16:50 | Build | House |
| 16:54 | Create | Villager (Male) |
| 16:54 | Create | Scout Cavalry |
| 17:13 | Build | Farm |
| 17:25 | Build | House |
| 17:34 | Create | Spearman |
| 17:35 | Create | Spearman |
| 17:41 | Build | Palisade Wall |
| 17:42 | Build | Palisade Wall |
| 17:47 | Create | Spearman |
| 17:50 | Build | House |
| 17:56 | Research | Wheelbarrow |
| 17:59 | Build | Farm |
| 18:09 | Create | Villager (Male) |
| 18:37 | Build | Farm |
| 18:39 | Build | Farm |
| 18:50 | Build | Farm |
| 18:51 | Build | Farm |
| 19:02 | Build | Farm |
| 19:11 | Build | Palisade Wall |
| 19:15 | Research | Castle Age |
| 19:16 | Research | Castle Age |
| 19:26 | Build | Farm |
| 19:30 | Create | Scout Cavalry |
| 19:31 | Create | Scout Cavalry |
| 20:09 | Build | Stable |
| 20:36 | Research | Horse Collar |
| 20:36 | Research | Horse Collar |
| 20:52 | Research | Bloodlines |
| 20:53 | Research | Bloodlines |
| 20:53 | Create | Scout Cavalry |
| 20:53 | Create | Scout Cavalry |
| 21:01 | Create | Scout Cavalry |
| 21:01 | Create | Scout Cavalry |
| 21:26 | Create | Scout Cavalry |
| 21:26 | Create | Scout Cavalry |
| 21:33 | Create | Villager (Male) |
| 21:36 | Build | Mill |
| 21:43 | Create | Scout Cavalry |
| 21:43 | Create | Scout Cavalry |
| 21:57 | Age | Castle Age |
| 21:58 | Build | Farm |
| 22:00 | Research | Chain Barding Armor |
| 22:03 | Research | Light Cavalry (upgrade) |
| 22:04 | Create | Villager (Male) |
| 22:06 | Build | Town Center |
| 22:16 | Create | Villager (Male) |
| 22:24 | Create | Scout Cavalry |
| 22:24 | Create | Scout Cavalry |
| 22:41 | Build | Farm |
| 22:43 | Create | Scout Cavalry |
| 22:48 | Create | Scout Cavalry |
| 22:48 | Create | Scout Cavalry |
Build order — 痛苦小苏
First 150 of 596 actions detected
| 0:04 | Build | House |
| 0:05 | Build | House |
| 0:14 | Create | Villager (Male) |
| 0:14 | Create | Villager (Male) |
| 0:14 | Create | Villager (Male) |
| 0:18 | Create | Villager (Male) |
| 0:18 | Create | Villager (Male) |
| 0:18 | Create | Villager (Male) |
| 1:42 | Create | Villager (Male) |
| 1:42 | Create | Villager (Male) |
| 2:04 | Create | Villager (Male) |
| 2:04 | Create | Villager (Male) |
| 2:20 | Build | Lumber Camp |
| 2:56 | Create | Villager (Male) |
| 2:56 | Create | Villager (Male) |
| 2:56 | Create | Villager (Male) |
| 3:01 | Build | House |
| 3:09 | Create | Villager (Male) |
| 3:54 | Create | Villager (Male) |
| 3:54 | Create | Villager (Male) |
| 4:17 | Create | Villager (Male) |
| 4:18 | Create | Villager (Male) |
| 4:48 | Build | Dock |
| 4:53 | Create | Villager (Male) |
| 5:14 | Build | House |
| 5:28 | Build | House |
| 5:55 | Create | Villager (Male) |
| 6:07 | Create | Villager (Male) |
| 6:16 | Build | Mill |
| 6:18 | Create | Villager (Male) |
| 6:47 | Create | Fishing Ship |
| 6:48 | Create | Fishing Ship |
| 7:16 | Create | Villager (Male) |
| 7:44 | Create | Villager (Male) |
| 7:49 | Build | House |
| 7:50 | Build | House |
| 7:51 | Build | House |
| 7:55 | Build | House |
| 7:58 | Build | House |
| 8:02 | Build | Palisade Wall |
| 8:08 | Build | Palisade Wall |
| 8:12 | Build | Palisade Wall |
| 8:14 | Build | Palisade Wall |
| 8:16 | Build | Palisade Wall |
| 8:20 | Build | Palisade Wall |
| 8:25 | Create | Villager (Male) |
| 9:07 | Create | Villager (Male) |
| 9:09 | Create | Villager (Male) |
| 9:16 | Build | Mining Camp |
| 9:35 | Build | House |
| 9:41 | Research | Feudal Age |
| 10:15 | Create | Fishing Ship |
| 10:15 | Create | Fishing Ship |
| 10:16 | Create | Fishing Ship |
| 10:17 | Create | Fishing Ship |
| 10:39 | Build | Barracks |
| 11:03 | Create | Villager (Male) |
| 11:21 | Build | House |
| 11:24 | Build | House |
| 11:25 | Build | House |
| 11:27 | Build | House |
| 11:29 | Build | House |
| 11:55 | Build | House |
| 12:01 | Age | Feudal Age |
| 12:04 | Build | Market |
| 12:15 | Build | Blacksmith |
| 12:26 | Build | House |
| 12:30 | Create | Villager (Male) |
| 12:52 | Create | Villager (Male) |
| 13:02 | Build | Farm |
| 13:11 | Build | Farm |
| 13:31 | Research | Castle Age |
| 13:41 | Research | Double-Bit Axe |
| 13:54 | Build | House |
| 14:07 | Build | Farm |
| 14:09 | Build | Farm |
| 14:17 | Build | House |
| 14:32 | Create | Fishing Ship |
| 14:34 | Create | Fishing Ship |
| 15:01 | Create | Villager (Male) |
| 15:06 | Build | Farm |
| 15:07 | Build | Farm |
| 15:16 | Build | House |
| 15:21 | Build | Palisade Wall |
| 15:43 | Build | Stable |
| 15:48 | Build | Palisade Wall |
| 15:57 | Age | Castle Age |
| 16:01 | Create | Villager (Male) |
| 16:10 | Research | Bow Saw |
| 16:27 | Create | Villager (Male) |
| 16:31 | Create | Villager (Male) |
| 16:44 | Build | House |
| 16:52 | Create | Villager (Male) |
| 17:07 | Research | Loom |
| 17:16 | Create | Spearman |
| 17:18 | Create | Spearman |
| 17:43 | Build | House |
| 17:45 | Build | House |
| 17:47 | Build | House |
| 17:52 | Build | House |
| 17:58 | Build | Palisade Wall |
| 18:12 | Create | Villager (Male) |
| 18:27 | Build | Town Center |
| 18:32 | Create | Villager (Male) |
| 18:43 | Create | Villager (Male) |
| 18:45 | Build | Farm |
| 18:52 | Build | House |
| 18:54 | Build | House |
| 19:09 | Build | Palisade Wall |
| 19:11 | Create | Villager (Male) |
| 19:20 | Create | Villager (Male) |
| 19:36 | Create | Villager (Male) |
| 19:52 | Build | Town Center |
| 19:57 | Create | Villager (Male) |
| 19:57 | Create | Villager (Male) |
| 19:58 | Create | Villager (Male) |
| 20:02 | Research | Horse Collar |
| 20:17 | Build | House |
| 20:31 | Create | Villager (Male) |
| 20:38 | Create | Villager (Male) |
| 20:38 | Create | Villager (Male) |
| 20:48 | Build | Farm |
| 20:55 | Build | Farm |
| 20:57 | Research | Heavy Plow |
| 21:01 | Create | Villager (Male) |
| 21:06 | Create | Villager (Male) |
| 21:24 | Create | Villager (Male) |
| 21:29 | Research | Wheelbarrow |
| 21:30 | Create | Villager (Male) |
| 21:42 | Create | Villager (Male) |
| 21:42 | Create | Villager (Male) |
| 21:46 | Research | Gold Mining |
| 21:53 | Create | Villager (Male) |
| 21:54 | Create | Villager (Male) |
| 21:58 | Research | Bloodlines |
| 22:00 | Research | Husbandry |
| 22:21 | Create | Villager (Male) |
| 22:21 | Create | Villager (Male) |
| 22:21 | Create | Villager (Male) |
| 22:30 | Build | Stable |
| 22:34 | Build | Stable |
| 22:35 | Build | Stable |
| 22:37 | Build | Stable |
| 22:42 | Build | Stable |
| 22:56 | Create | Villager (Male) |
| 22:56 | Create | Villager (Male) |
| 22:56 | Create | Villager (Male) |
| 22:57 | Create | Villager (Male) |
| 22:57 | Create | Villager (Male) |
| 23:02 | Build | Farm |
Build order — hata
First 150 of 469 actions detected
| 0:02 | Create | Villager (Male) |
| 0:02 | Create | Villager (Male) |
| 0:04 | Build | House |
| 0:05 | Build | House |
| 0:18 | Create | Villager (Male) |
| 0:30 | Create | Villager (Male) |
| 1:38 | Create | Villager (Male) |
| 2:05 | Create | Villager (Male) |
| 2:21 | Create | Villager (Male) |
| 2:48 | Build | Lumber Camp |
| 2:49 | Create | Villager (Male) |
| 3:09 | Create | Villager (Male) |
| 3:24 | Build | House |
| 3:49 | Create | Villager (Male) |
| 4:11 | Create | Villager (Male) |
| 4:30 | Create | Villager (Male) |
| 4:56 | Create | Villager (Male) |
| 5:21 | Create | Villager (Male) |
| 5:36 | Create | Villager (Male) |
| 5:40 | Build | House |
| 5:47 | Create | Villager (Male) |
| 5:56 | Build | Dock |
| 6:37 | Create | Villager (Male) |
| 6:44 | Research | Loom |
| 6:48 | Create | Fishing Ship |
| 7:49 | Research | Feudal Age |
| 7:49 | Research | Feudal Age |
| 7:51 | Create | Fishing Ship |
| 8:11 | Build | Barracks |
| 8:26 | Create | Fishing Ship |
| 8:41 | Build | House |
| 9:25 | Create | Fishing Ship |
| 9:49 | Create | Fishing Ship |
| 9:52 | Create | Villager (Male) |
| 9:59 | Age | Feudal Age |
| 10:03 | Build | Stable |
| 10:09 | Research | Double-Bit Axe |
| 10:11 | Research | Tech 906 |
| 10:33 | Build | Mill |
| 10:46 | Create | Fishing Ship |
| 10:50 | Create | Scout Cavalry |
| 11:18 | Create | Transport Ship |
| 11:21 | Create | Scout Cavalry |
| 11:43 | Build | House |
| 11:45 | Build | House |
| 11:47 | Build | Palisade Wall |
| 11:58 | Create | Fishing Ship |
| 12:13 | Research | Horse Collar |
| 12:20 | Build | House |
| 12:23 | Build | Palisade Wall |
| 12:30 | Create | Scout Cavalry |
| 12:33 | Create | Villager (Male) |
| 12:42 | Build | Farm |
| 12:43 | Create | Fishing Ship |
| 12:44 | Create | Fishing Ship |
| 12:49 | Build | Farm |
| 12:51 | Build | Farm |
| 13:07 | Create | Scout Cavalry |
| 13:08 | Create | Villager (Male) |
| 13:19 | Build | Blacksmith |
| 13:23 | Build | House |
| 13:33 | Build | Farm |
| 13:35 | Create | Villager (Male) |
| 13:55 | Create | Villager (Male) |
| 13:58 | Build | Farm |
| 14:27 | Create | Fishing Ship |
| 14:46 | Create | Villager (Male) |
| 14:50 | Build | House |
| 14:56 | Build | Market |
| 15:06 | Research | Wheelbarrow |
| 15:24 | Create | Villager (Male) |
| 15:28 | Build | House |
| 15:29 | Build | Palisade Wall |
| 15:41 | Build | Farm |
| 15:44 | Build | Farm |
| 15:48 | Build | House |
| 15:51 | Build | Palisade Wall |
| 16:14 | Create | Villager (Male) |
| 16:20 | Build | Mining Camp |
| 16:45 | Build | Farm |
| 16:46 | Build | Farm |
| 16:47 | Create | Villager (Male) |
| 18:06 | Research | Castle Age |
| 18:25 | Research | Forging |
| 20:02 | Research | Scale Barding Armor |
| 20:09 | Research | Gold Mining |
| 20:15 | Create | Spearman |
| 20:15 | Create | Spearman |
| 20:38 | Create | Villager (Male) |
| 20:38 | Create | Villager (Male) |
| 20:38 | Create | Villager (Male) |
| 20:46 | Age | Castle Age |
| 20:50 | Create | Camel Scout |
| 20:50 | Create | Camel Scout |
| 20:52 | Create | Villager (Male) |
| 21:00 | Build | Town Center |
| 21:10 | Create | Villager (Male) |
| 21:19 | Research | Bow Saw |
| 21:25 | Create | Villager (Male) |
| 21:49 | Create | Villager (Male) |
| 21:56 | Build | Lumber Camp |
| 22:15 | Create | Villager (Male) |
| 22:15 | Create | Villager (Male) |
| 22:26 | Research | Light Cavalry (upgrade) |
| 22:37 | Create | Villager (Male) |
| 22:38 | Create | Villager (Male) |
| 23:11 | Build | Town Center |
| 23:16 | Create | Villager (Male) |
| 23:23 | Create | Camel Scout |
| 23:23 | Create | Camel Scout |
| 23:26 | Create | Villager (Male) |
| 23:27 | Create | Villager (Male) |
| 23:45 | Create | Villager (Male) |
| 23:46 | Create | Villager (Male) |
| 24:04 | Create | Villager (Male) |
| 24:05 | Create | Villager (Male) |
| 24:11 | Build | Siege Workshop |
| 24:27 | Create | Villager (Male) |
| 24:28 | Create | Villager (Male) |
| 24:28 | Create | Villager (Male) |
| 24:34 | Build | Mining Camp |
| 24:38 | Research | Stone Mining |
| 24:53 | Create | Mangonel |
| 24:57 | Create | Villager (Male) |
| 24:58 | Create | Villager (Male) |
| 24:58 | Create | Villager (Male) |
| 25:11 | Create | Villager (Male) |
| 25:22 | Build | Monastery |
| 25:39 | Build | Lumber Camp |
| 25:47 | Create | Villager (Male) |
| 25:48 | Create | Villager (Male) |
| 25:49 | Create | Villager (Male) |
| 26:34 | Create | Mangonel |
| 26:36 | Create | Villager (Male) |
| 26:37 | Create | Villager (Male) |
| 26:37 | Create | Villager (Male) |
| 26:48 | Build | Mining Camp |
| 27:05 | Build | Fish Trap |
| 27:06 | Build | Fish Trap |
| 27:06 | Build | Fish Trap |
| 27:07 | Build | Fish Trap |
| 27:11 | Create | Villager (Male) |
| 27:11 | Create | Villager (Male) |
| 27:46 | Create | Monk |
| 27:49 | Create | Villager (Male) |
| 27:50 | Create | Villager (Male) |
| 27:50 | Create | Villager (Male) |
| 27:57 | Build | Dock |
| 28:10 | Build | Fish Trap |
| 28:11 | Build | Fish Trap |
Build order — Respected Mr.Lang
First 150 of 504 actions detected
| 0:01 | Create | Villager (Male) |
| 0:01 | Create | Villager (Male) |
| 0:02 | Create | Villager (Male) |
| 0:04 | Build | House |
| 0:06 | Build | House |
| 0:58 | Create | Villager (Male) |
| 0:59 | Create | Villager (Male) |
| 1:24 | Create | Villager (Male) |
| 1:24 | Create | Villager (Male) |
| 1:48 | Create | Villager (Male) |
| 1:48 | Create | Villager (Male) |
| 1:48 | Create | Villager (Male) |
| 2:05 | Create | Villager (Male) |
| 2:05 | Create | Villager (Male) |
| 2:33 | Create | Villager (Male) |
| 2:45 | Create | Villager (Male) |
| 2:45 | Create | Villager (Male) |
| 3:05 | Build | Lumber Camp |
| 3:10 | Create | Villager (Male) |
| 3:10 | Create | Villager (Male) |
| 3:15 | Build | House |
| 3:24 | Create | Villager (Male) |
| 3:55 | Build | House |
| 4:18 | Create | Villager (Male) |
| 4:19 | Create | Villager (Male) |
| 5:16 | Create | Villager (Male) |
| 5:16 | Create | Villager (Male) |
| 5:16 | Create | Villager (Male) |
| 5:17 | Create | Villager (Male) |
| 5:27 | Create | Villager (Male) |
| 5:27 | Create | Villager (Male) |
| 5:27 | Create | Villager (Male) |
| 6:04 | Build | Palisade Wall |
| 6:05 | Build | Palisade Wall |
| 6:12 | Create | Villager (Male) |
| 6:18 | Create | Villager (Male) |
| 6:25 | Research | Loom |
| 6:37 | Build | Mining Camp |
| 7:09 | Research | Feudal Age |
| 7:18 | Build | Palisade Wall |
| 7:19 | Build | Palisade Wall |
| 7:20 | Build | Palisade Wall |
| 7:21 | Build | Palisade Wall |
| 7:22 | Build | Palisade Wall |
| 7:56 | Create | Villager (Male) |
| 8:46 | Build | Mill |
| 9:03 | Build | Barracks |
| 9:16 | Build | Palisade Wall |
| 9:20 | Build | Palisade Wall |
| 9:34 | Create | Villager (Male) |
| 9:43 | Build | Palisade Wall |
| 9:52 | Create | Villager (Male) |
| 9:56 | Build | Palisade Wall |
| 9:56 | Age | Feudal Age |
| 9:57 | Create | Villager (Male) |
| 10:58 | Build | Archery Range |
| 11:26 | Create | Villager (Male) |
| 11:38 | Create | Villager (Male) |
| 11:39 | Create | Archer |
| 11:39 | Create | Archer |
| 12:02 | Build | Archery Range |
| 12:04 | Build | Palisade Wall |
| 12:06 | Build | Palisade Wall |
| 12:12 | Create | Archer |
| 13:07 | Build | House |
| 13:08 | Build | House |
| 13:17 | Build | Blacksmith |
| 13:21 | Create | Villager (Male) |
| 13:36 | Create | Archer |
| 13:36 | Create | Archer |
| 13:59 | Create | Villager (Male) |
| 14:00 | Create | Archer |
| 14:01 | Create | Archer |
| 14:34 | Build | Palisade Wall |
| 14:39 | Create | Villager (Male) |
| 14:45 | Create | Villager (Male) |
| 15:02 | Build | House |
| 15:03 | Build | House |
| 15:05 | Create | Villager (Male) |
| 15:22 | Create | Archer |
| 15:22 | Create | Archer |
| 15:30 | Build | House |
| 15:31 | Build | House |
| 15:33 | Build | House |
| 15:38 | Create | Archer |
| 15:38 | Create | Archer |
| 16:04 | Research | Fletching |
| 16:08 | Build | Mill |
| 16:16 | Create | Archer |
| 16:16 | Create | Archer |
| 16:39 | Create | Archer |
| 16:39 | Create | Archer |
| 17:04 | Create | Villager (Male) |
| 17:13 | Create | Archer |
| 17:13 | Create | Archer |
| 17:15 | Create | Villager (Male) |
| 17:27 | Build | Palisade Gate |
| 17:33 | Build | Palisade Wall |
| 17:42 | Build | Palisade Gate |
| 17:43 | Build | Palisade Wall |
| 17:46 | Create | Villager (Male) |
| 17:48 | Create | Archer |
| 17:48 | Create | Archer |
| 17:55 | Build | Palisade Gate |
| 17:58 | Build | Palisade Wall |
| 18:15 | Build | Farm |
| 18:15 | Build | Farm |
| 18:15 | Build | Farm |
| 18:15 | Build | Farm |
| 18:16 | Build | Farm |
| 18:16 | Build | Farm |
| 18:16 | Build | Farm |
| 18:16 | Build | Farm |
| 18:41 | Create | Villager (Male) |
| 18:41 | Create | Villager (Male) |
| 18:42 | Create | Archer |
| 18:42 | Create | Archer |
| 19:00 | Build | House |
| 19:02 | Build | House |
| 19:06 | Create | Villager (Male) |
| 19:10 | Research | Padded Archer Armor |
| 19:23 | Build | House |
| 19:28 | Create | Villager (Male) |
| 19:29 | Create | Villager (Male) |
| 19:58 | Create | Villager (Male) |
| 20:04 | Create | Villager (Male) |
| 20:04 | Create | Villager (Male) |
| 20:04 | Create | Villager (Male) |
| 20:05 | Create | Villager (Male) |
| 20:26 | Create | Villager (Male) |
| 20:27 | Create | Villager (Male) |
| 21:07 | Create | Villager (Male) |
| 21:14 | Create | Villager (Male) |
| 21:35 | Create | Villager (Male) |
| 21:58 | Create | Villager (Male) |
| 22:01 | Build | Farm |
| 22:01 | Build | Farm |
| 22:01 | Build | Farm |
| 22:02 | Build | Farm |
| 22:02 | Build | Farm |
| 22:02 | Build | Farm |
| 23:13 | Create | Villager (Male) |
| 23:15 | Create | Archer |
| 23:15 | Create | Archer |
| 23:15 | Create | Archer |
| 23:26 | Create | Archer |
| 23:26 | Create | Archer |
| 23:36 | Research | Castle Age |
| 23:38 | Create | Archer |
| 23:38 | Create | Archer |
Build order — yayoi_tukishiro
First 150 of 423 actions detected
| 0:01 | Create | Villager (Male) |
| 0:01 | Create | Villager (Male) |
| 0:02 | Build | House |
| 0:07 | Build | House |
| 0:16 | Create | Villager (Male) |
| 0:26 | Create | Villager (Male) |
| 0:26 | Create | Villager (Male) |
| 1:41 | Create | Villager (Male) |
| 2:02 | Create | Villager (Male) |
| 2:31 | Create | Villager (Male) |
| 2:32 | Create | Villager (Male) |
| 2:54 | Build | Barracks |
| 3:05 | Create | Villager (Male) |
| 3:29 | Create | Villager (Male) |
| 3:43 | Build | House |
| 3:57 | Research | Loom |
| 3:59 | Create | Militia |
| 4:08 | Build | House |
| 4:12 | Build | House |
| 4:13 | Build | House |
| 4:18 | Build | Palisade Wall |
| 4:27 | Create | Villager (Male) |
| 4:47 | Create | Militia |
| 4:56 | Create | Villager (Male) |
| 5:20 | Create | Villager (Male) |
| 5:32 | Create | Villager (Male) |
| 5:39 | Build | Lumber Camp |
| 6:00 | Create | Villager (Male) |
| 6:31 | Create | Villager (Male) |
| 6:47 | Create | Villager (Male) |
| 7:05 | Create | Villager (Male) |
| 7:12 | Build | House |
| 7:16 | Create | Villager (Male) |
| 7:38 | Create | Villager (Male) |
| 8:02 | Build | Dock |
| 8:14 | Create | Villager (Male) |
| 8:39 | Build | Mill |
| 9:00 | Create | Fishing Ship |
| 9:05 | Create | Villager (Male) |
| 9:42 | Create | Villager (Male) |
| 9:58 | Create | Fishing Ship |
| 10:08 | Create | Villager (Male) |
| 10:17 | Build | Mill |
| 10:24 | Create | Villager (Male) |
| 10:34 | Create | Fishing Ship |
| 10:37 | Create | Villager (Male) |
| 10:45 | Build | House |
| 10:53 | Build | House |
| 11:06 | Build | House |
| 11:20 | Research | Feudal Age |
| 11:49 | Create | Fishing Ship |
| 12:06 | Build | Palisade Wall |
| 12:10 | Build | Palisade Wall |
| 12:12 | Build | Palisade Wall |
| 12:25 | Create | Villager (Male) |
| 12:45 | Create | Fishing Ship |
| 12:53 | Build | Lumber Camp |
| 12:55 | Create | Villager (Male) |
| 13:23 | Create | Militia |
| 13:23 | Create | Militia |
| 13:23 | Create | Militia |
| 13:24 | Create | Militia |
| 13:33 | Age | Feudal Age |
| 13:35 | Build | Archery Range |
| 13:50 | Research | Double-Bit Axe |
| 13:53 | Create | Spearman |
| 13:54 | Create | Villager (Male) |
| 14:10 | Create | Skirmisher |
| 14:10 | Create | Skirmisher |
| 14:26 | Create | Villager (Male) |
| 14:46 | Build | Blacksmith |
| 14:53 | Build | House |
| 14:56 | Build | Palisade Wall |
| 14:58 | Build | Palisade Wall |
| 15:03 | Build | Palisade Wall |
| 15:14 | Create | Villager (Male) |
| 15:20 | Build | Mining Camp |
| 15:37 | Build | Mill |
| 15:42 | Research | Castle Age |
| 15:42 | Research | Castle Age |
| 15:47 | Create | Spearman |
| 15:50 | Create | Skirmisher |
| 15:58 | Research | Gold Mining |
| 16:03 | Build | House |
| 16:04 | Build | House |
| 16:11 | Create | Archer |
| 16:22 | Build | House |
| 16:34 | Create | Villager (Male) |
| 16:38 | Build | Archery Range |
| 16:42 | Create | Villager (Male) |
| 16:47 | Research | Fletching |
| 16:50 | Research | Man-at-Arms (upgrade) |
| 16:53 | Create | Skirmisher |
| 17:17 | Build | Palisade Wall |
| 17:21 | Build | Farm |
| 17:27 | Create | Archer |
| 17:30 | Create | Skirmisher |
| 17:30 | Create | Archer |
| 17:32 | Research | Padded Archer Armor |
| 17:46 | Build | Farm |
| 17:48 | Build | Farm |
| 17:51 | Create | Villager (Male) |
| 18:22 | Age | Castle Age |
| 18:26 | Build | Siege Workshop |
| 18:29 | Create | Villager (Male) |
| 18:33 | Research | Horse Collar |
| 18:34 | Create | Archer |
| 18:34 | Create | Archer |
| 18:50 | Build | Lumber Camp |
| 19:01 | Create | Villager (Male) |
| 19:04 | Create | Archer |
| 19:04 | Create | Archer |
| 19:06 | Create | Villager (Male) |
| 19:30 | Build | Town Center |
| 19:37 | Create | Scorpion |
| 19:40 | Create | Villager (Male) |
| 19:45 | Build | Palisade Wall |
| 19:48 | Build | Palisade Wall |
| 19:58 | Build | Palisade Wall |
| 20:00 | Build | Palisade Wall |
| 20:22 | Create | Villager (Male) |
| 20:33 | Create | Archer |
| 20:33 | Create | Archer |
| 20:35 | Create | Villager (Male) |
| 20:38 | Build | Farm |
| 20:40 | Build | Farm |
| 21:04 | Create | Villager (Male) |
| 21:06 | Research | Crossbowman (upgrade) |
| 21:18 | Create | Villager (Male) |
| 21:32 | Create | Scorpion |
| 21:41 | Create | Villager (Male) |
| 21:59 | Create | Villager (Male) |
| 22:10 | Create | Archer |
| 22:23 | Create | Villager (Male) |
| 22:33 | Create | Archer |
| 22:33 | Create | Archer |
| 22:33 | Create | Archer |
| 22:36 | Build | Farm |
| 22:37 | Create | Villager (Male) |
| 23:06 | Create | Archer ×2 |
| 23:07 | Create | Villager (Male) |
| 23:22 | Build | Town Center |
| 23:29 | Create | Villager (Male) |
| 23:36 | Build | Farm |
| 23:45 | Create | Battering Ram |
| 23:47 | Create | Villager (Male) |
| 23:53 | Build | Market |
| 23:58 | Build | Mining Camp |
| 24:02 | Research | Bow Saw |
| 24:10 | Build | Barracks |
Build order — sci621
First 150 of 498 actions detected
| 0:01 | Create | Villager (Male) |
| 0:02 | Create | Villager (Male) |
| 0:03 | Build | House |
| 0:04 | Build | House |
| 0:07 | Create | Villager (Male) |
| 0:07 | Create | Villager (Male) |
| 1:31 | Create | Villager (Male) |
| 2:01 | Create | Villager (Male) |
| 2:02 | Create | Villager (Male) |
| 2:19 | Create | Villager (Male) |
| 2:19 | Create | Villager (Male) |
| 2:19 | Create | Villager (Male) |
| 2:46 | Create | Villager (Male) |
| 2:47 | Create | Villager (Male) |
| 3:05 | Build | Lumber Camp |
| 3:15 | Create | Villager (Male) |
| 3:15 | Create | Villager (Male) |
| 3:47 | Create | Villager (Male) |
| 4:02 | Build | House |
| 4:35 | Create | Villager (Male) |
| 4:39 | Create | Villager (Male) |
| 4:44 | Create | Villager (Male) |
| 4:54 | Create | Villager (Male) |
| 5:01 | Create | Villager (Male) |
| 5:59 | Build | Mining Camp |
| 6:04 | Research | Loom |
| 6:38 | Research | Feudal Age |
| 8:03 | Create | Villager (Male) |
| 8:09 | Build | Barracks |
| 8:31 | Create | Villager (Male) |
| 8:51 | Age | Feudal Age |
| 8:57 | Research | Double-Bit Axe |
| 9:06 | Build | Archery Range |
| 9:15 | Create | Villager (Male) |
| 9:20 | Build | House |
| 9:24 | Research | Wheelbarrow |
| 9:48 | Build | Blacksmith |
| 9:49 | Create | Archer |
| 9:56 | Build | House |
| 10:28 | Create | Villager (Male) |
| 10:30 | Build | House |
| 10:36 | Create | Villager (Male) |
| 10:42 | Create | Archer |
| 10:49 | Build | Mill |
| 10:53 | Build | Dock |
| 11:13 | Create | Villager (Male) |
| 11:14 | Create | Villager (Male) |
| 11:24 | Create | Archer |
| 11:33 | Build | House |
| 11:37 | Create | Fishing Ship |
| 11:37 | Create | Fishing Ship |
| 11:59 | Create | Villager (Male) |
| 12:00 | Create | Villager (Male) |
| 12:06 | Build | House |
| 12:20 | Build | Mill |
| 12:37 | Create | Villager (Male) |
| 12:43 | Create | Fishing Ship |
| 12:58 | Research | Fletching |
| 12:58 | Research | Fletching |
| 13:02 | Build | Palisade Wall |
| 13:13 | Create | Archer |
| 13:25 | Create | Villager (Male) |
| 13:31 | Create | Villager (Male) |
| 13:39 | Build | Palisade Wall |
| 13:41 | Build | Palisade Wall |
| 13:45 | Create | Archer |
| 13:45 | Create | Archer |
| 13:51 | Create | Villager (Male) |
| 13:56 | Build | Farm |
| 13:57 | Create | Fishing Ship |
| 14:10 | Create | Villager (Male) |
| 14:23 | Build | Watch Tower |
| 14:29 | Build | House |
| 14:35 | Create | Villager (Male) |
| 14:35 | Create | Villager (Male) |
| 14:52 | Build | Farm |
| 15:02 | Create | Villager (Male) |
| 15:05 | Create | Skirmisher |
| 15:21 | Create | Archer |
| 15:34 | Create | Villager (Male) |
| 15:34 | Create | Villager (Male) |
| 15:45 | Build | Palisade Wall |
| 16:04 | Create | Villager (Male) |
| 16:04 | Create | Villager (Male) |
| 16:07 | Build | Palisade Wall |
| 16:18 | Create | Villager (Male) |
| 16:19 | Create | Fishing Ship |
| 16:25 | Build | Farm |
| 16:29 | Build | Palisade Wall |
| 16:33 | Create | Villager (Male) |
| 16:44 | Create | Archer |
| 17:21 | Build | Farm |
| 17:23 | Build | House |
| 17:23 | Build | Palisade Wall |
| 17:27 | Build | Palisade Wall |
| 17:33 | Create | Skirmisher |
| 17:34 | Create | Skirmisher |
| 17:44 | Create | Skirmisher |
| 17:56 | Research | Padded Archer Armor |
| 17:57 | Create | Skirmisher |
| 18:12 | Build | Stone Wall |
| 18:14 | Build | Stone Wall |
| 18:38 | Create | Villager (Male) |
| 18:47 | Build | Farm |
| 18:51 | Build | House |
| 19:00 | Build | Stone Wall |
| 19:08 | Build | House |
| 19:09 | Create | Villager (Male) |
| 19:27 | Build | Market |
| 19:32 | Build | House |
| 19:34 | Create | Villager (Male) |
| 19:43 | Build | Farm |
| 19:45 | Build | House |
| 19:47 | Build | Palisade Wall |
| 20:05 | Create | Villager (Male) |
| 20:10 | Build | Palisade Wall |
| 20:15 | Build | Stone Wall |
| 20:27 | Research | Castle Age |
| 20:31 | Build | Mining Camp |
| 20:34 | Build | Mining Camp |
| 20:55 | Build | Lumber Camp |
| 21:00 | Research | Stone Mining |
| 21:08 | Create | Skirmisher |
| 21:23 | Research | Gold Mining |
| 21:26 | Research | Horse Collar |
| 21:26 | Research | Horse Collar |
| 21:46 | Build | Mill |
| 21:53 | Build | Watch Tower |
| 22:11 | Build | Stone Wall |
| 22:12 | Build | Stone Wall |
| 22:13 | Build | Stone Wall |
| 22:48 | Create | Skirmisher |
| 22:50 | Create | Skirmisher |
| 22:52 | Create | Villager (Male) |
| 23:07 | Age | Castle Age |
| 23:07 | Create | Villager (Male) |
| 23:11 | Research | Elite Skirmisher (upgrade) |
| 23:21 | Research | Town Watch |
| 23:35 | Create | Villager (Male) |
| 23:37 | Research | Hand Cart |
| 23:56 | Research | Bodkin Arrow |
| 24:08 | Create | Villager (Male) |
| 24:15 | Research | Bow Saw |
| 24:21 | Create | Skirmisher |
| 24:33 | Create | Villager (Male) |
| 24:41 | Build | Town Center |
| 24:45 | Create | Villager (Male) |
| 24:55 | Build | Fish Trap |
| 24:58 | Create | Villager (Male) |
| 25:06 | Build | Lumber Camp |
Build order — Arie
First 150 of 424 actions detected
| 0:01 | Create | Villager (Male) |
| 0:02 | Create | Villager (Male) |
| 0:02 | Build | House |
| 0:03 | Build | House |
| 0:24 | Create | Villager (Male) |
| 0:24 | Create | Villager (Male) |
| 0:24 | Create | Villager (Male) |
| 1:10 | Create | Villager (Male) |
| 1:11 | Create | Villager (Male) |
| 1:29 | Create | Villager (Male) |
| 1:29 | Create | Villager (Male) |
| 1:50 | Create | Villager (Male) |
| 2:11 | Build | Lumber Camp |
| 2:26 | Create | Villager (Male) |
| 2:26 | Create | Villager (Male) |
| 2:35 | Build | House |
| 2:39 | Build | House |
| 2:56 | Create | Villager (Male) |
| 2:56 | Create | Villager (Male) |
| 2:56 | Create | Villager (Male) |
| 3:37 | Create | Villager (Male) |
| 3:38 | Create | Villager (Male) |
| 3:52 | Create | Villager (Male) |
| 4:21 | Create | Villager (Male) ×2 |
| 4:30 | Create | Villager (Male) |
| 4:31 | Create | Villager (Male) |
| 4:36 | Build | Mill |
| 4:52 | Create | Villager (Male) |
| 4:52 | Create | Villager (Male) |
| 5:22 | Create | Villager (Male) ×2 |
| 6:07 | Build | House |
| 6:42 | Build | Barracks |
| 7:04 | Research | Loom |
| 7:41 | Research | Feudal Age |
| 7:41 | Research | Feudal Age |
| 8:16 | Create | Villager (Male) |
| 8:33 | Build | Dock |
| 8:54 | Create | Villager (Male) |
| 8:57 | Build | House |
| 9:11 | Build | House |
| 9:40 | Create | Fishing Ship |
| 9:51 | Age | Feudal Age |
| 9:55 | Build | Stable |
| 10:06 | Create | Villager (Male) |
| 10:14 | Research | Double-Bit Axe |
| 10:44 | Create | Villager (Male) |
| 10:47 | Build | House |
| 10:52 | Create | Scout Cavalry |
| 10:52 | Create | Scout Cavalry |
| 10:52 | Create | Scout Cavalry |
| 11:08 | Create | Villager (Male) |
| 11:08 | Create | Villager (Male) |
| 11:31 | Create | Villager (Male) |
| 11:53 | Build | Blacksmith |
| 11:55 | Create | Villager (Male) |
| 12:00 | Research | Horse Collar |
| 12:07 | Create | Fishing Ship |
| 12:09 | Build | House |
| 12:12 | Create | Fishing Ship |
| 12:35 | Build | Farm |
| 12:37 | Build | Farm |
| 13:06 | Create | Scout Cavalry |
| 13:06 | Create | Scout Cavalry |
| 13:06 | Create | Scout Cavalry |
| 13:09 | Create | Villager (Male) |
| 13:13 | Research | Scale Barding Armor |
| 13:15 | Build | Farm |
| 13:18 | Build | Farm |
| 13:41 | Research | Forging |
| 13:44 | Create | Villager (Male) |
| 13:44 | Create | Villager (Male) |
| 13:45 | Build | Farm |
| 13:47 | Build | Farm |
| 13:50 | Build | Farm |
| 13:56 | Build | Mill |
| 14:16 | Create | Scout Cavalry |
| 14:16 | Create | Scout Cavalry |
| 14:41 | Create | Scout Cavalry |
| 14:41 | Create | Scout Cavalry |
| 14:47 | Create | Villager (Male) |
| 14:48 | Create | Villager (Male) |
| 14:48 | Create | Villager (Male) |
| 14:50 | Build | Farm |
| 14:52 | Build | Farm |
| 15:09 | Create | Villager (Male) |
| 15:11 | Build | House |
| 15:11 | Build | House |
| 15:26 | Create | Villager (Male) |
| 15:56 | Create | Villager (Male) |
| 15:58 | Build | House |
| 16:06 | Create | Scout Cavalry |
| 16:06 | Create | Scout Cavalry |
| 16:10 | Build | Palisade Wall |
| 16:20 | Build | House |
| 16:32 | Create | Scout Cavalry |
| 16:32 | Create | Scout Cavalry |
| 16:33 | Create | Spearman |
| 16:34 | Create | Spearman |
| 16:40 | Build | House |
| 16:41 | Build | House |
| 16:46 | Build | Mining Camp |
| 16:53 | Create | Scout Cavalry |
| 17:08 | Build | Farm |
| 17:10 | Build | Farm |
| 17:11 | Build | Farm |
| 17:13 | Build | Farm |
| 17:14 | Build | Farm |
| 17:16 | Build | Farm |
| 18:02 | Build | Farm |
| 18:04 | Build | Farm |
| 18:05 | Create | Villager (Male) |
| 18:05 | Create | Villager (Male) |
| 18:52 | Create | Villager (Male) |
| 18:54 | Build | Stable |
| 18:57 | Build | Stable |
| 19:04 | Research | Bloodlines |
| 19:28 | Create | Villager (Male) |
| 19:28 | Create | Villager (Male) |
| 19:28 | Create | Villager (Male) |
| 20:52 | Research | Castle Age |
| 20:55 | Build | Farm |
| 21:17 | Create | Villager (Male) |
| 21:17 | Create | Villager (Male) |
| 21:21 | Create | Scout Cavalry |
| 21:21 | Create | Scout Cavalry |
| 21:21 | Create | Scout Cavalry |
| 23:32 | Age | Castle Age |
| 23:40 | Build | Town Center |
| 23:41 | Create | Camel Scout ×5 |
| 24:04 | Build | Town Center |
| 24:14 | Create | Camel Scout ×2 |
| 24:45 | Create | Villager (Male) ×5 |
| 24:49 | Build | Mining Camp |
| 24:51 | Create | Villager (Male) |
| 24:51 | Create | Villager (Male) |
| 24:56 | Create | Villager (Male) ×5 |
| 24:58 | Research | Heavy Plow |
| 25:01 | Build | Farm |
| 25:02 | Build | Farm |
| 25:02 | Build | Farm |
| 25:06 | Build | Farm |
| 25:06 | Build | Farm |
| 25:06 | Build | Farm |
| 25:06 | Build | Farm |
| 25:07 | Build | Farm |
| 25:33 | Build | Market |
| 25:47 | Research | Chain Barding Armor |
| 26:07 | Create | Villager (Male) ×5 |
| 26:07 | Create | Villager (Male) ×5 |
| 26:12 | Create | Camel Scout ×3 |
Match timeline
| 2:54 | yayoi_tukishiro · first_building Barracks |
| 4:18 | yayoi_tukishiro · wall_segment Palisade Wall x1 |
| 4:48 | 痛苦小苏 · first_building Dock |
| 4:58 | Rito · first_building Dock |
| 5:56 | hata · first_building Dock |
| 6:04 | Respected Mr.Lang · wall_segment Palisade Wall x1 |
| 6:05 | Respected Mr.Lang · wall_segment Palisade Wall x1 |
| 6:42 | Arie · first_building Barracks |
| 7:18 | Respected Mr.Lang · wall_segment Palisade Wall x1 |
| 7:19 | Respected Mr.Lang · wall_segment Palisade Wall x1 |
| 7:20 | Respected Mr.Lang · wall_segment Palisade Wall x1 |
| 7:21 | Respected Mr.Lang · wall_segment Palisade Wall x1 |
| 7:22 | Respected Mr.Lang · wall_segment Palisade Wall x1 |
| 7:26 | Rito · wall_segment Palisade Wall x5 |
| 7:29 | Rito · wall_segment Palisade Wall x2 |
| 7:44 | Rito · wall_segment Palisade Wall x1 |
| 7:51 | masa4_japan(配信) · first_building Barracks |
| 8:02 | yayoi_tukishiro · first_building Dock |
| 8:02 | 痛苦小苏 · wall_segment Palisade Wall x4 |
| 8:06 | Rito · wall_segment Palisade Wall x4 |
| 8:08 | 痛苦小苏 · wall_segment Palisade Wall x5 |
| 8:09 | sci621 · first_building Barracks |
| 8:11 | hata · first_building Barracks |
| 8:12 | 痛苦小苏 · wall_segment Palisade Wall x3 |
| 8:14 | 痛苦小苏 · wall_segment Palisade Wall x3 |
| 8:16 | 痛苦小苏 · wall_segment Palisade Wall x2 |
| 8:20 | 痛苦小苏 · wall_segment Palisade Wall x4 |
| 8:33 | Arie · first_building Dock |
| 8:44 | Rito · wall_segment Palisade Wall x5 |
| 8:46 | masa4_japan(配信) · age_up feudal |
| 8:50 | masa4_japan(配信) · first_building Stable |
| 8:51 | sci621 · age_up feudal |
| 8:53 | Rito · first_building Barracks |
| 8:54 | Rito · wall_segment Palisade Wall x2 |
| 9:03 | Respected Mr.Lang · first_building Barracks |
| 9:05 | masa4_japan(配信) · first_building Dock |
| 9:06 | sci621 · first_building Archery Range |
| 9:16 | Respected Mr.Lang · wall_segment Palisade Wall x3 |
| 9:20 | Respected Mr.Lang · wall_segment Palisade Wall x5 |
| 9:43 | Respected Mr.Lang · wall_segment Palisade Wall x1 |
| 9:49 | Rito · age_up feudal |
| 9:51 | Arie · age_up feudal |
| 9:55 | Arie · first_building Stable |
| 9:55 | Rito · first_building Archery Range |
| 9:56 | Respected Mr.Lang · wall_segment Palisade Wall x1 |
| 9:56 | Respected Mr.Lang · age_up feudal |
| 9:59 | hata · age_up feudal |
| 10:03 | hata · first_building Stable |
| 10:39 | 痛苦小苏 · first_building Barracks |
| 10:53 | sci621 · first_building Dock |
| 10:58 | Respected Mr.Lang · first_building Archery Range |
| 11:03 | Rito · wall_segment Palisade Wall x1 |
| 11:47 | hata · wall_segment Palisade Wall x4 |
| 12:01 | 痛苦小苏 · age_up feudal |
| 12:04 | Respected Mr.Lang · wall_segment Palisade Wall x1 |
| 12:06 | yayoi_tukishiro · wall_segment Palisade Wall x1 |
| 12:06 | Respected Mr.Lang · wall_segment Palisade Wall x1 |
| 12:10 | yayoi_tukishiro · wall_segment Palisade Wall x1 |
| 12:12 | yayoi_tukishiro · wall_segment Palisade Wall x1 |
| 12:23 | hata · wall_segment Palisade Wall x2 |
| 13:02 | sci621 · wall_segment Palisade Wall x4 |
| 13:04 | Rito · wall_segment Palisade Wall x1 |
| 13:33 | yayoi_tukishiro · age_up feudal |
| 13:35 | yayoi_tukishiro · first_building Archery Range |
| 13:39 | sci621 · wall_segment Palisade Wall x1 |
| 13:41 | sci621 · wall_segment Palisade Wall x1 |
| 14:34 | Respected Mr.Lang · wall_segment Palisade Wall x3 |
| 14:56 | yayoi_tukishiro · wall_segment Palisade Wall x1 |
| 14:58 | yayoi_tukishiro · wall_segment Palisade Wall x1 |
| 15:03 | yayoi_tukishiro · wall_segment Palisade Wall x1 |
| 15:21 | 痛苦小苏 · wall_segment Palisade Wall x3 |
| 15:29 | hata · wall_segment Palisade Wall x6 |
| 15:43 | 痛苦小苏 · first_building Stable |
| 15:45 | sci621 · wall_segment Palisade Wall x2 |
| 15:48 | 痛苦小苏 · wall_segment Palisade Wall x3 |
| 15:51 | hata · wall_segment Palisade Wall x7 |
| 15:57 | 痛苦小苏 · age_up castle |
| 16:07 | sci621 · wall_segment Palisade Wall x9 |
| 16:10 | Arie · wall_segment Palisade Wall x1 |
| 16:29 | sci621 · wall_segment Palisade Wall x3 |
| 17:17 | yayoi_tukishiro · wall_segment Palisade Wall x1 |
| 17:18 | hata · first_market_sell 100 wood |
| 17:23 | sci621 · wall_segment Palisade Wall x2 |
| 17:27 | sci621 · wall_segment Palisade Wall x9 |
| 17:33 | Respected Mr.Lang · wall_segment Palisade Wall x4 |
| 17:41 | masa4_japan(配信) · wall_segment Palisade Wall x1 |
| 17:42 | masa4_japan(配信) · wall_segment Palisade Wall x1 |
| 17:43 | Respected Mr.Lang · wall_segment Palisade Wall x1 |
| 17:58 | Respected Mr.Lang · wall_segment Palisade Wall x7 |
| 17:58 | 痛苦小苏 · wall_segment Palisade Wall x4 |
| 18:12 | sci621 · wall_segment Stone Wall x4 |
| 18:14 | sci621 · wall_segment Stone Wall x3 |
| 18:22 | yayoi_tukishiro · age_up castle |
| 18:26 | yayoi_tukishiro · first_building Siege Workshop |
| 19:00 | sci621 · wall_segment Stone Wall x1 |
| 19:09 | 痛苦小苏 · wall_segment Palisade Wall x5 |
| 19:11 | masa4_japan(配信) · wall_segment Palisade Wall x6 |
| 19:45 | yayoi_tukishiro · wall_segment Palisade Wall x1 |
| 19:47 | sci621 · wall_segment Palisade Wall x3 |
| 19:48 | yayoi_tukishiro · wall_segment Palisade Wall x1 |
| 19:58 | yayoi_tukishiro · wall_segment Palisade Wall x1 |
| 20:00 | yayoi_tukishiro · wall_segment Palisade Wall x1 |
| 20:10 | sci621 · wall_segment Palisade Wall x1 |
| 20:15 | sci621 · wall_segment Stone Wall x1 |
| 20:20 | sci621 · first_market_buy 100 food |
| 20:26 | sci621 · first_market_sell 100 wood |
| 20:46 | hata · age_up castle |
| 21:16 | hata · first_market_buy 100 wood |
| 21:46 | Rito · age_up castle |
| 21:57 | masa4_japan(配信) · age_up castle |
| 22:11 | sci621 · wall_segment Stone Wall x1 |
| 22:12 | sci621 · wall_segment Stone Wall x3 |
| 22:13 | sci621 · wall_segment Stone Wall x1 |
| 23:07 | sci621 · age_up castle |
| 23:31 | masa4_japan(配信) · wall_segment Palisade Wall x1 |
| 23:32 | Arie · age_up castle |
| 24:11 | hata · first_building Siege Workshop |
| 25:03 | yayoi_tukishiro · first_market_sell 100 wood |
| 25:22 | hata · first_building Monastery |
| 26:21 | Arie · first_building Monastery |
| 26:23 | Respected Mr.Lang · age_up castle |
| 26:42 | Rito · first_building Siege Workshop |
| 26:46 | Respected Mr.Lang · first_building Siege Workshop |
| 26:52 | sci621 · first_building Castle |
| 27:43 | sci621 · first_building Siege Workshop |
| 29:19 | Arie · first_market_sell 500 food |
| 29:28 | masa4_japan(配信) · first_building Monastery |
| 31:21 | yayoi_tukishiro · first_market_buy 100 wood |
| 31:23 | hata · first_building Castle |
| 31:30 | Rito · first_building Castle |
| 31:36 | masa4_japan(配信) · first_market_sell 100 wood |
| 31:40 | Rito · first_market_sell 100 food |
| 32:00 | 痛苦小苏 · first_building Monastery |
| 33:55 | yayoi_tukishiro · first_building Castle |
| 34:45 | masa4_japan(配信) · wall_segment Palisade Wall x1 |
| 34:47 | masa4_japan(配信) · wall_segment Palisade Wall x1 |
| 35:40 | Rito · age_up imperial |
| 35:49 | Rito · first_market_buy 100 food |
| 35:57 | 痛苦小苏 · first_building Castle |
| 36:11 | 痛苦小苏 · age_up imperial |
| 36:15 | sci621 · age_up imperial |
| 37:00 | masa4_japan(配信) · first_building Castle |
| 37:53 | 痛苦小苏 · first_market_sell 100 food |
| 38:47 | Respected Mr.Lang · first_building Castle |
| 38:56 | Arie · first_building Castle |
| 39:17 | Arie · age_up imperial |
| 40:33 | sci621 · wall_segment Stone Wall x1 |
| 41:10 | masa4_japan(配信) · age_up imperial |
| 41:37 | Rito · wall_segment Stone Wall x10 |
| 42:02 | Arie · tribute_sent a jugador 1 |
| 42:02 | Arie · tribute_sent a jugador 2 |
| 42:02 | Arie · tribute_sent a jugador 3 |
| 42:02 | Arie · tribute_sent a jugador 4 |
| 42:02 | Arie · tribute_sent a jugador 5 |
| 42:02 | Arie · tribute_sent a jugador 6 |
| 42:02 | Arie · tribute_sent a jugador 7 |
| 42:35 | sci621 · wall_segment Stone Wall x1 |
| 42:38 | sci621 · wall_segment Stone Wall x1 |
| 42:38 | sci621 · wall_segment Stone Wall x1 |
| 42:39 | sci621 · wall_segment Stone Wall x1 |
| 42:45 | sci621 · wall_segment Stone Wall x1 |
| 42:46 | sci621 · wall_segment Stone Wall x1 |
| 42:48 | sci621 · wall_segment Stone Wall x1 |
| 42:49 | sci621 · wall_segment Stone Wall x1 |
| 42:51 | sci621 · wall_segment Stone Wall x1 |
| 42:55 | sci621 · wall_segment Stone Wall x1 |
| 42:57 | sci621 · wall_segment Stone Wall x1 |
| 42:58 | sci621 · wall_segment Stone Wall x1 |
| 43:53 | masa4_japan(配信) · tribute_sent a jugador 2 |
| 43:53 | masa4_japan(配信) · tribute_sent a jugador 3 |
| 43:53 | masa4_japan(配信) · tribute_sent a jugador 4 |
| 43:53 | masa4_japan(配信) · tribute_sent a jugador 5 |
| 43:53 | masa4_japan(配信) · tribute_sent a jugador 6 |
| 43:53 | masa4_japan(配信) · tribute_sent a jugador 7 |
| 43:53 | masa4_japan(配信) · tribute_sent a jugador 8 |
| 44:12 | hata · age_up imperial |
| 44:20 | hata · first_building Archery Range |
| 45:24 | yayoi_tukishiro · age_up imperial |
| 45:59 | masa4_japan(配信) · tribute_sent a jugador 2 |
| 45:59 | masa4_japan(配信) · tribute_sent a jugador 3 |
| 45:59 | masa4_japan(配信) · tribute_sent a jugador 4 |
| 45:59 | masa4_japan(配信) · tribute_sent a jugador 5 |
| 45:59 | masa4_japan(配信) · tribute_sent a jugador 6 |
| 45:59 | masa4_japan(配信) · tribute_sent a jugador 7 |
| 45:59 | masa4_japan(配信) · tribute_sent a jugador 8 |
| 46:42 | Respected Mr.Lang · first_market_sell 500 food |
| 48:19 | masa4_japan(配信) · tribute_sent a jugador 2 |
| 48:19 | masa4_japan(配信) · tribute_sent a jugador 3 |
| 48:19 | masa4_japan(配信) · tribute_sent a jugador 4 |
| 48:19 | masa4_japan(配信) · tribute_sent a jugador 5 |
| 48:19 | masa4_japan(配信) · tribute_sent a jugador 6 |
| 48:19 | masa4_japan(配信) · tribute_sent a jugador 7 |
| 48:19 | masa4_japan(配信) · tribute_sent a jugador 8 |
| 48:39 | masa4_japan(配信) · tribute_sent a jugador 2 |
| 48:39 | masa4_japan(配信) · tribute_sent a jugador 3 |
| 48:39 | masa4_japan(配信) · tribute_sent a jugador 4 |
| 48:39 | masa4_japan(配信) · tribute_sent a jugador 5 |
| 48:39 | masa4_japan(配信) · tribute_sent a jugador 6 |
| 48:39 | masa4_japan(配信) · tribute_sent a jugador 7 |
| 48:39 | masa4_japan(配信) · tribute_sent a jugador 8 |
| 49:50 | masa4_japan(配信) · wall_segment Palisade Wall x1 |
| 50:23 | sci621 · wall_segment Stone Wall x9 |
| 51:44 | sci621 · first_building Stable |
| 51:56 | sci621 · wall_segment Stone Wall x6 |
| 53:17 | masa4_japan(配信) · resign |
[ AI ANALYSIS · 1 CREDIT ]
What really happened in this match?
Wolo.gg analyzes every decision: build order, eco, micro, common mistakes by bracket. Personalized analysis on WhatsApp or Discord in 30 seconds.
Civ guide
Vietnamese
Perfil
Jugador #5648280